 Dungeon Crawl Stone Soup version 0.27-a0-1136-g0b992a5a9d (webtiles) character file.

Game seed: 16280230867235222477

99542 sizableburger the Peltast (level 16, -4/125 (126) HPs)
             Began as a Human Fighter on May 4, 2021.
             Was a High Priest of Trog.
             Slain by an Executioner (7 damage)
             ... summoned by Asterion
             ... on level 2 of the Spider Nest.
             The game lasted 01:21:12 (29709 turns).

sizableburger the Peltast (Human Fighter)          Turns: 29709, Time: 01:21:12

HP:   -4/125 (126)  AC: 28    Str: 24    XL:     16   Next: 76%
MP:   16/16         EV: 10    Int: 10    God:    Trog [*****.]
Gold: 1060          SH: 16    Dex: 13    Spells: 15/15 levels left

rFire    . . .     SeeInvis .   t - +4 demon blade of Imbalance {elec, Str+2 Stlth+}
rCold    + . .     Faith    .   M - +3 warlock's mirror {reflect}
rNeg     . . .     Spirit   .   E - +1 plate armour
rPois    +         Reflect  +   (no helmet)
rElec    .         Harm     .   k - +2 cloak
rCorr    .         Rampage  .   w - +0 pair of gloves of Indemnity {rC+}
Will     +....                  z - +2 pair of boots
Stlth    ..........             P - amulet of reflection
HPRegen  0.30/turn              l - +4 ring of protection
MPRegen  0.15/turn              F - ring of poison resistance

@: on berserk cooldown, slowed, studying Long Blades, lightly drained, very slow
A: no striking features
a: Renounce Religion, Berserk, Trog's Hand, Brothers in Arms


You were on level 2 of the Spider Nest.
You worshipped Trog.
Trog was extremely pleased with you.
You visited 4 branches of the dungeon, and saw 21 of its levels.
You also visited: Gauntlet.

You collected 1970 gold pieces.
You spent 910 gold pieces at shops.

Inventory:

Hand Weapons
 t - the +4 demon blade of Imbalance (weapon) {elec, Str+2 Stlth+}
   (You acquired it on level 8 of the Dungeon)

   Occasionally, upon striking a foe, it can discharge electrical energy and
   cause terrible harm.
   It affects your strength (+2).
   It makes you more stealthy.
 V - a +4 vorpal demon blade
Missiles
 f - 57 poisoned darts
 g - 35 javelins (quivered)
 m - 4 silver boomerangs
 u - 2 throwing nets
 D - 12 boomerangs
 R - 6 curare-tipped darts
 Z - 7 boomerangs of dispersal
Armour
 c - a +0 kite shield
 k - a +2 cloak (worn)
 w - the +0 pair of gloves of Indemnity (worn) {rC+}
   (You bought it in a shop on level 7 of the Dungeon)

   It protects you from cold.
 z - a +2 pair of boots (worn)
 E - a +1 plate armour (worn)
 H - a +0 pair of gloves
 M - the +3 warlock's mirror (worn) {reflect}
   (You found it on level 10 of the Dungeon)
Jewellery
 l - a +4 ring of protection (left hand)
 v - the necklace of Bloodlust {*Rage +Rage Will++ Int-3 Slay+6}
   (You found it in a Gauntlet)

   [amulet of nothing]

   It affects your intelligence (-3).
   It affects your accuracy and damage with ranged weapons and melee attacks
   (+6).
   It lets you go berserk.
   It may make you go berserk in combat.
   It greatly increases your willpower.
 C - a ring of protection from cold
 F - a ring of poison resistance (right hand)
 G - a ring of fire
 J - a ring of willpower
 P - an amulet of reflection (around neck)
 X - a ring of see invisible
Wands
 q - a wand of iceblast (17)
 s - a wand of acid (4)
 A - a wand of paralysis (34)
 N - a wand of flame (43)
 W - a wand of mindburst (9)
 Y - a wand of polymorph (9)
Scrolls
 a - 3 scrolls of summoning
 j - a scroll of holy word
 r - a scroll of magic mapping
 x - 3 scrolls of brand weapon
 y - 4 scrolls of teleportation
 L - a scroll of fear
 U - 3 scrolls of immolation
Potions
 d - 4 potions of might
 e - 3 potions of flight
 h - a potion of magic
 i - 10 potions of curing
 n - 4 potions of lignification
 o - a potion of degeneration
 B - a potion of berserk rage {unknown}
 I - 7 potions of cancellation
 K - 2 potions of ambrosia
 O - a potion of mutation
 Q - 3 potions of resistance
 S - 4 potions of haste


   Skills:
 + Level 11.6 Fighting
 - Level 14.0 Long Blades
 + Level 8.9 Throwing
 + Level 11.1 Armour
 - Level 7.1 Dodging
 - Level 15.0 Shields
 + Level 10.6 Evocations


You had 15 spell levels left.
You didn't know any spells.
Your spell library was empty.

Dungeon Overview and Level Annotations

Branches:
Dungeon (11/15)            Temple (0/1) D:6            Lair (6/6) D:11
 Shoals (0/4) Lair:2       Spider (2/4) Lair:2        Slime (0/5) Lair:5
    Orc (2/2) D:9             Elf (0/3) Orc:2       Gauntlet (visited)

Altars:
Cheibriados
Gozag
Hepliaklqana
Makhleb
Ru
Sif Muna
Trog
Wu Jian
Yredelemnul
Beogh

Shops:
D:7 ==[?   D:8 ?   D:10 (   Orc:2 *!*[:*=*

Annotations:
D:8 2 runed translucent doors
Spider:2 Asterion


Message History

You block the Executioner's attack. x2; The Executioner barely misses you.
The Executioner closely misses you.
The Executioner hits you but does no damage.
The Executioner barely misses you.
You feel much better. The Executioner misses you.
You riposte.
You hit the Executioner but do no damage.
The Executioner hits you but does no damage. x2
You block the Executioner's attack. x3
The jumping spider pounces on you but does no damage.
The jumping spider misses you. The Executioner hits you!!
* * * LOW HITPOINT WARNING * * *
The Executioner hits you but does no damage.
The Executioner hits you.
* * * LOW HITPOINT WARNING * * *
You block the jumping spider's attack.
The jumping spider bites you but does no damage.
The Executioner hits you but does no damage. x2
The Executioner hits you.
* * * LOW HITPOINT WARNING * * *
You block the jumping spider's attack. The jumping spider bites you.
* * * LOW HITPOINT WARNING * * *
The Executioner hits you but does no damage.
The Executioner hits you.
* * * LOW HITPOINT WARNING * * *
The Executioner hits you but does no damage.
Okay, then.
Press: ? - help, v - describe, . - travel The floor, spattered with blood.
Aiming: Mindburst
Press: ? - help, Shift-Dir - straight line, f - Executioner
Aim: an Executioner (summoned, fast, chance to affect: 8%)
Okay, then.
Okay, then.
Okay, then.
Okay, then.
As you read the scroll of holy word, it crumbles to dust.
You speak a Word of immense power!
The Executioner convulses!
You block the Executioner's attack. x3; The Executioner is lost in a daze.
The Executioner hits you!
You die...

**** **,,* ###**,*,*
#.##,,,,*# *** ##.s###,,.#
***,* ##1ss..#,.#*
*^,,***#@##...#..#*
*,,,**,#s##s#.ss..*#*****
***,,,,..#.s..##...#*,*,,
*,,,*,#..##s.###,.#*,,,,,
**,,,*.###.y.#.#..#*,*,**
***,*..,,#......#^.,,,,,,
**,,,,#.,*#.##.#..#.,,,,,*
***^,,,,.,,,###.#.....#*****
*,,*****,,*,*#.#,###..#***,,


You could see an Executioner (summoned, fast, dazed), an orb spider (charged), a
jumping spider and 2 redbacks.

Vanquished Creatures
  Nessos (Lair:4)
  A minotaur (Gauntlet)
  An entropy weaver (Lair:2)
  Azrael (Spider:1)
  4 dire elephants (Lair:6)
  The ghost of OTABOTABOTAB the Slicer, a journeyman VSFi of Uskayaw (Lair:6)
  A great orb of eyes (Gauntlet)
  9 hydras
  A catoblepas (Lair:6)
  Erolcha (D:9)
  A boulder beetle (Spider:1)
  Erica (Lair:2)
  2 death yaks (Lair:6)
  2 two-headed ogres
  A spectral dire elephant (Lair:6)
  A fire crab (Gauntlet)
  A spectral death yak (Lair:6)
  A spectral anaconda (Lair:6)
  7 wizards (D:10)
  2 orc knights (Orc:1)
  4 necromancers (Lair:6)
  An obsidian statue (Lair:6)
  3 ugly things
  9 wolf spiders (Spider:1)
  A manticore (D:8)
  3 orb spiders (Spider:1)
  9 orc sorcerers (Orc:2)
  2 moths of wrath
  2 cyclopes (D:11)
  28 elephants
  2 black mambas
  A dire elephant zombie (Lair:6)
  A merfolk siren (Lair:2)
  A gargoyle (D:8)
  18 cane toads
  A torpor snail (Spider:1)
  The ghost of RealJoeEstevez the Shield-Bearer, a novice FoFi (D:5)
  Maggie (D:7)
  A rime drake (Lair:1)
  An efreet (D:9)
  14 komodo dragons
  2 kobold demonologists
  A dire elephant skeleton (Lair:6)
  6 demonic crawlers (Spider:1)
  7 trolls
  A merfolk (Lair:2)
  A polar bear (Lair:1)
  9 jumping spiders (Spider:1)
  Prince Ribbit (D:7)
  A hornet (Spider:1)
  6 dream sheep
  2 spectral elephants (Lair:6)
  4 blink frogs (Lair:4)
  14 tarantellas
  18 redbacks
  A shadow (D:11)
  3 wraiths (D:9)
  4 wyverns
  2 fire elementals (Spider:1)
  57 yaks
  5 fire bats (Gauntlet)
  Grum (Lair:1)
  8 basilisks
  A death yak simulacrum (Lair:6)
  A steam dragon (D:8)
  Menkaure (D:6)
  8 vampire mosquitoes (D:11)
  3 spectral cane toads (Lair:6)
  6 wargs
  16 water moccasins
  8 hell hounds
  2 elephant zombies (Lair:6)
  14 orc warriors
  4 sky beasts
  3 black bears
  9 ogres
  24 wolves
  2 elephant skeletons (Lair:6)
  A phantom (D:6)
  2 centaurs
  A kobold brigand (D:6)
  Blork the orc (D:6)
  3 gnoll sergeants
  A scorpion (D:5)
  11 bullfrogs
  A wyvern zombie (D:7)
  2 elephant simulacra (Lair:6)
  10 killer bees
  4 wights (D:9)
  An electric eel (Lair:6)
  A howler monkey (D:9)
  2 centaur zombies
  3 hounds
  8 orc priests
  A jelly (D:5)
  A centaur skeleton (D:7)
  A gnoll shaman (D:7)
  4 iguanas
  32 orc wizards
  12 hell rats
  A killer bee zombie (D:9)
  A hound zombie (D:5)
  2 howler monkey zombies
  18 gnolls
  7 adders
  A shadow imp (D:6)
  3 white imps
  A worm (D:4)
  4 dart slugs
  68 orcs
  2 bats (D:1)
  3 endoplasms
  2 giant cockroaches
  8 goblins
  4 hobgoblins
  9 jackals
  A quokka (D:3)
  6 ball pythons
  4 frilled lizards
  8 kobolds
  8 rats
664 creatures vanquished.

Vanquished Creatures (others)
  A wizard (D:10)
  A jumping spider (Spider:1)
  4 orc wizards (Orc:2)
  An orc (Orc:2)
  14 demonic plants (Gauntlet)
  30 fungi
  68 plants
  16 withered plants (Lair:6)
135 creatures vanquished.

Grand Total: 799 creatures vanquished

Notes
Turn   | Place    | Note
-------+----------+-------------------------------------------
     0 | D:1      | sizableburger the Human Fighter began the quest for the
                  | Orb.
     0 | D:1      | Reached XP level 1. HP: 18/18 MP: 1/1
    49 | D:1      | Reached XP level 2. HP: 20/24 MP: 2/2
   342 | D:1      | Reached XP level 3. HP: 27/29 MP: 3/3
   671 | D:1      | Found a faded altar of an unknown god.
   801 | D:1      | Became a worshipper of Trog the Wrathful
   801 | D:1      | Reached * piety under Trog
  1292 | D:2      | Found a burning altar of Makhleb.
  1343 | D:2      | Reached skill level 4 in Shields
  1343 | D:2      | Reached XP level 4. HP: 35/35 MP: 4/4
  2352 | D:3      | Found a basalt altar of Yredelemnul.
  2745 | D:3      | Reached XP level 5. HP: 41/41 MP: 5/5
  3469 | D:3      | Reached ** piety under Trog
  3699 | D:4      | Reached skill level 1 in Throwing
  4076 | D:5      | Entered Level 5 of the Dungeon
  4106 | D:5      | Noticed RealJoeEstevez's ghost (novice FoFi)
  4170 | D:5      | Reached XP level 6. HP: 47/47 MP: 6/6
  4373 | D:5      | Reached skill level 5 in Shields
  4542 | D:5      | Reached XP level 7. HP: 52/52 MP: 7/7
  4613 | D:5      | Found a transporter.
  4615 | D:5      | Found a transporter.
  4812 | D:5      | Reached skill level 5 in Long Blades
  5225 | D:6      | Noticed Menkaure
  5228 | D:6      | Noticed Blork the orc
  5230 | D:6      | Killed Menkaure
  5313 | D:6      | Killed Blork the orc
  5314 | D:6      | Reached skill level 6 in Shields
  5314 | D:6      | Reached XP level 8. HP: 58/58 MP: 8/8
  5381 | D:6      | Found a staircase to the Ecumenical Temple.
  5900 | D:6      | Found a sacrificial altar of Ru.
  6195 | D:7      | Found Nuegamya's Jewellery Shoppe.
  6207 | D:7      | Found Seefoeto's Antique Armour Emporium.
  6345 | D:7      | Reached XP level 9. HP: 66/66 MP: 9/9
  6348 | D:7      | Reached skill level 7 in Shields
  6380 | D:7      | Bought a pair of dazzling gloves for 266 gold pieces
  6380 | D:7      | Identified the +0 pair of gloves of Indemnity {rC+} (You
                  | bought it in a shop on level 7 of the Dungeon)
  6411 | D:7      | Noticed Maggie
  6429 | D:7      | Killed Maggie
  6430 | D:7      | Reached skill level 5 in Fighting
  6662 | D:7      | Noticed Prince Ribbit
  6672 | D:7      | Reached *** piety under Trog
  6703 | D:7      | HP: 3/68 [Prince Ribbit (10)]
  6707 | D:7      | Killed Prince Ribbit
  6940 | D:7      | Found Hiucin's Magic Scroll Shop.
  7212 | D:7      | Reached skill level 8 in Shields
  7225 | D:7      | Found Niemyowa's Jewellery Boutique.
  7388 | D:7      | Found a burning altar of Makhleb.
  7734 | D:8      | Reached XP level 10. HP: 72/77 MP: 10/10
  7940 | D:8      | Found an ornate altar of the Wu Jian Council.
  7969 | D:8      | Found Acke's Magic Scroll Emporium.
  7975 | D:8      | Identified 2 scrolls of acquirement
  7976 | D:8      | Acquired the +4 demon blade of Imbalance {elec, Str+2
                  | Stlth+}
  7978 | D:8      | Acquired a manual of Long Blades
  8011 | D:8      | Reached skill level 9 in Shields
  8014 | D:8      | Found a large runed translucent door.
  8014 | D:8      | Found a large runed translucent door.
  8151 | D:8      | Noticed a gargoyle
  8167 | D:8      | Killed a gargoyle
  8355 | D:8      | Found a large runed translucent door.
  8355 | D:8      | Found a large runed translucent door.
  8364 | D:8      | Noticed a kobold demonologist
  8387 | D:8      | Reached skill level 10 in Long Blades
  8412 | D:8      | Killed a kobold demonologist
  8436 | D:8      | Noticed a four-headed hydra
  8474 | D:8      | Killed an eight-headed hydra
  8475 | D:8      | Reached skill level 10 in Shields
  8634 | D:8      | Noticed a two-headed ogre
  8636 | D:8      | Reached XP level 11. HP: 55/82 MP: 11/11
  8781 | D:8      | Noticed a manticore
  8815 | D:8      | Killed a manticore
  8909 | D:8      | Killed a two-headed ogre
  9417 | D:9      | Noticed Erolcha
  9429 | D:9      | Killed Erolcha
  9682 | D:9      | Reached skill level 1 in Evocations
  9683 | D:9      | Reached **** piety under Trog
 10230 | D:9      | Found a staircase to the Orcish Mines.
 10691 | D:5      | Killed RealJoeEstevez's ghost
 10692 | D:5      | Reached skill level 11 in Shields
 11251 | D:10     | Entered Level 10 of the Dungeon
 11330 | D:10     | Noticed a purple ugly thing
 11334 | D:10     | Killed a purple ugly thing
 11335 | D:10     | Reached XP level 12. HP: 89/89 MP: 12/12
 11395 | D:10     | Found a snail-covered altar of Cheibriados.
 11397 | D:10     | Found Heqiliv's Antique Weapon Shop.
 11590 | D:10     | Found an opulent altar of Gozag.
 11652 | D:10     | Reached skill level 5 in Armour
 12100 | D:10     | Found a hazy altar of Hepliaklqana.
 12282 | D:10     | Found the +3 warlock's mirror {reflect}
 12338 | D:10     | Reached skill level 12 in Shields
 12698 | D:10     | Found a shimmering blue altar of Sif Muna.
 12918 | D:10     | Noticed a two-headed ogre
 12923 | D:10     | Killed a two-headed ogre
 13252 | D:11     | Found a staircase to the Lair.
 13725 | D:11     | Reached skill level 13 in Shields
 14170 | D:7      | Bought an amulet of reflection for 390 gold pieces
 14520 | Lair:1   | Entered Level 1 of the Lair of Beasts
 14726 | Lair:1   | Reached XP level 13. HP: 94/94 MP: 13/13
 14951 | Lair:1   | Reached skill level 14 in Shields
 15141 | Lair:1   | Noticed a four-headed hydra
 15141 | Lair:1   | Noticed Grum
 15145 | Lair:1   | Reached ***** piety under Trog
 15162 | Lair:1   | Killed a nine-headed hydra
 15177 | Lair:1   | Killed Grum
 15461 | Lair:1   | You fall into a shaft and drop 1 floor!
 15582 | Lair:2   | Noticed Erica
 15607 | Lair:2   | Killed Erica
 15608 | Lair:2   | Reached skill level 15 in Shields
 15975 | Lair:2   | Noticed a six-headed hydra
 15990 | Lair:2   | Killed a 15-headed hydra
 16262 | Lair:2   | Found a hole to the Spider Nest.
 16468 | Lair:2   | Reached skill level 1 in Dodging
 16682 | Lair:2   | Found a staircase to the Shoals.
 16916 | Lair:3   | Reached skill level 5 in Evocations
 17407 | Lair:3   | Reached XP level 14. HP: 103/103 MP: 14/14
 17698 | Lair:3   | Received a gift from Trog
 19268 | Lair:4   | Noticed Nessos
 19284 | Lair:4   | Killed Nessos
 19302 | Lair:4   | Reached skill level 5 in Dodging
 20711 | Lair:5   | Received a gift from Trog
 20813 | Lair:5   | Found a staircase to the Slime Pits.
 21058 | Lair:6   | Entered Level 6 of the Lair of Beasts
 21181 | Lair:6   | Found a gate leading to a gauntlet.
 21187 | Gauntlet | Entered a Gauntlet
 21187 | Gauntlet | Found a transporter.
 21187 | Gauntlet | Found a transporter.
 21191 | Gauntlet | Found a transporter.
 21191 | Gauntlet | Found a transporter.
 21193 | Gauntlet | Found a large runed translucent door.
 21194 | Gauntlet | Found a large runed translucent door.
 21195 | Gauntlet | Found a large runed translucent door.
 21195 | Gauntlet | Found a large runed translucent door.
 21195 | Gauntlet | Found a runed translucent door.
 21196 | Gauntlet | Found a large runed translucent door.
 21198 | Gauntlet | Found a transporter.
 21218 | Gauntlet | Found a runed translucent door.
 21219 | Gauntlet | Found a large runed translucent door.
 21219 | Gauntlet | Found a large runed translucent door.
 21219 | Gauntlet | Found a large runed translucent door.
 21220 | Gauntlet | Found a large runed translucent door.
 21221 | Gauntlet | Found a large runed translucent door.
 21223 | Gauntlet | Found a transporter.
 21235 | Gauntlet | Found a large runed translucent door.
 21235 | Gauntlet | Found a large runed translucent door.
 21236 | Gauntlet | Found a large runed translucent door.
 21236 | Gauntlet | Found a large runed translucent door.
 21236 | Gauntlet | Found a large runed translucent door.
 21239 | Gauntlet | Found a runed translucent gate.
 21239 | Gauntlet | Found a runed translucent gate.
 21239 | Gauntlet | Found a runed translucent gate.
 21241 | Gauntlet | Found a transporter.
 21251 | Gauntlet | Found a transporter.
 21251 | Gauntlet | Found a transporter.
 21253 | Gauntlet | Found a large runed translucent door.
 21255 | Gauntlet | Found a transporter.
 21271 | Gauntlet | Found a transporter.
 21281 | Gauntlet | Found the necklace of Bloodlust {*Rage +Rage Will++ Int-3
                  | Slay+6}
 21284 | Gauntlet | Found a transporter.
 21347 | Gauntlet | Found a transporter.
 21366 | Gauntlet | Found a transporter.
 21585 | Gauntlet | Reached skill level 5 in Throwing
 21586 | Gauntlet | Reached XP level 15. HP: 113/113 MP: 15/15
 21732 | Gauntlet | Identified the +0 pair of gloves of the Serpent {rF- Int+5
                  | SInv Stlth+}
 21793 | Gauntlet | Identified the +0 steam dragon scales of the Candlemaker
                  | {Str+10}
 21793 | Gauntlet | Identified the Incunabulum of Enchantment and Flight
 21802 | Gauntlet | Identified the Almanac of Transformation
 22477 | Lair:6   | Found a runed translucent gate.
 22477 | Lair:6   | Found a runed translucent gate.
 22480 | Lair:6   | Noticed OTABOTABOTAB's ghost (journeyman VSFi)
 22481 | Lair:6   | Found a runed translucent gate.
 22500 | Lair:6   | Killed OTABOTABOTAB's ghost
 22516 | Lair:6   | Identified the +10 broad axe of Ghostly Blind Justice
                  | {venom, +Blink Dex+6}
 22710 | Lair:6   | Reached skill level 10 in Fighting
 23335 | Lair:6   | Received a gift from Trog
 23896 | Lair:6   | Reached skill level 10 in Armour
 24407 | Orc:1    | Entered Level 1 of the Orcish Mines
 24532 | Orc:2    | Entered Level 2 of the Orcish Mines
 24532 | Orc:2    | Found Faofago's General Store.
 24547 | Orc:1    | Reached XP level 16. HP: 124/124 MP: 16/16
 25113 | Orc:2    | Found Biavimakh's Book Shop.
 25128 | Orc:2    | Paralysed by an orc sorcerer for 7 turns
 25662 | Orc:2    | Received a gift from Trog
 25766 | Orc:2    | Found Kylim's Armour Boutique.
 25808 | Orc:2    | Found a staircase to the Elven Halls.
 25901 | Orc:2    | Found Essom's Distillery.
 25901 | Orc:2    | Found Capirch's Assorted Antiques.
 26195 | Orc:2    | Found Hepropti's Jewellery Shoppe.
 26195 | Orc:2    | Found Lenicwoe's Assorted Antiques.
 26339 | Orc:2    | Found Noepnee's Assorted Antiques.
 26559 | D:7      | Bought a scroll of identify for 26 gold pieces
 26559 | D:7      | Bought a scroll of identify for 26 gold pieces
 26559 | D:7      | Bought a scroll of identify for 26 gold pieces
 26559 | D:7      | Bought a scroll of enchant armour for 97 gold pieces
 26559 | D:7      | Bought a scroll of noise for 13 gold pieces
 26603 | D:8      | Bought 3 scrolls of identify for 66 gold pieces
 26755 | Spider:1 | Entered Level 1 of the Spider Nest
 27457 | Spider:1 | Reached skill level 10 in Evocations
 27503 | Spider:1 | Noticed Azrael
 27528 | Spider:1 | Killed Azrael
 28099 | Spider:1 | Received a gift from Trog
 28960 | Spider:2 | Noticed Asterion
 29684 | Spider:2 | Noticed an Executioner
 29706 | Spider:2 | HP: 2/125 [Executioner[Asterion] (6)]
 29709 | Spider:2 | Slain by an Executioner

Illustrated notes

Levels and vault maps discovered:
D:1:      heliophobic_arrival_dark_side_of_the_moon, layout_basic,
          basic_ecumenical_altar
D:2:      layout_basic, basic_altar
D:3:      layout_rooms, general_overflow_altar, minmay_misc_feat_enclosed
D:4:      layout_cave_pods
D:5:      layout_basic, serial_glass, glass_columns_a, glass_columns_a,
          glass_columns_a, glass_columns_a, gammafunk_ghost_hive
D:6:      layout_cave_pools, lemuel_crystal_altar, minmay_temple_entry_ruins,
          uniq_menkaure, uniq_blork_the_orc
D:7:      layout_loops_corners, nicolae_overflow_hidden_temple, serial_shops,
          shop_statue, shop, shop, shop, uniq_prince_ribbit1, uniq_maggie
D:8:      layout_rooms, pdpol_wu_jian_five_deadly_venoms, serial_shops, shop,
          minmay_hollow_rounded_squares
D:9:      layout_roguey, david_orc_1_choice, kennysheep_nondescript,
          minmay_fractal_squares_diagonal_5, uniq_erolcha
D:10:     minmay_smoke_and_mirrors, layout_basic, grunt_gozag_statues,
          grunt_temple_overflow_open, nicolae_sif_muna_little_library,
          serial_shops, shop
D:11:     layout_stronghold, david_lair_shrubbed
Lair:1:   layout_roguey, uniq_grum
Lair:2:   layout_regular_city, elwin_shoals_entry_rooms,
          spider_nest_entry_rubble, hangedman_lair_unloving_vines, uniq_erica
Lair:3:   layout_regular_city, kennysheep_basilisk_garden, grunt_megastairs_1,
          lemuel_fruit_fields
Lair:4:   layout_long_grid, grunt_forest_small_clearings, wad_woods_river_01,
          uniq_nessos
Lair:5:   layout_regular_city, dpeg_slime_entry_corner
Lair:6:   due_jungle_book, layout_regular_city, gammafunk_ghost_hydra_chop,
          gauntlet_entry_generic, nicolae_quartered_pool_little,
          guppyfry_lair_drakes, infiniplex_staircase_pool
Spider:1: nicolae_spider_hilbert_zone_5 [nicolae_spider_hilbert_3_sides_1_open,
          nicolae_spider_hilbert_4_sides_1_open,
          nicolae_spider_hilbert_4_sides_1_open,
          nicolae_spider_hilbert_6_sides_1_open,
          nicolae_spider_hilbert_6_sides_1_open,
          nicolae_spider_hilbert_2_sides_1_open,
          nicolae_spider_hilbert_2_sides_1_open], uniq_azrael
Spider:2: layout_spider_delve, uniq_asterion
Orc:1:    layout_diamond_mine
Orc:2:    st_orc_town, layout_caves, serial_shops,
          nicolae_shop_overgrown_old_shop, shop, nicolae_shop_window_shopping,
          nicolae_shop_window_shopping

Skill      XL: |  1  2  3  4  5  6  7  8  9 10 11 12 13 14 15 16 |
---------------+-------------------------------------------------+-----
Long Blades    | 3 4 5 6 8 11 14 | 14.0
Shields        | 4 5 6 8 10 11 13 15 | 15.0
Throwing       | 1 2 3 5 7 8 |  8.9
Fighting       | 4 6 7 9 10 11 | 11.6
Evocations     | 3 5 7 9 10 | 10.6
Armour         | 4 7 8 9 10 11 | 11.1
Dodging        | 2 6 7 |  7.1

Action                   |  1- 3 |  4- 6 |  7- 9 | 10-12 | 13-15 | 16-18 || total
-------------------------+-------+-------+-------+-------+-------+-------++-------
Melee: Long sword        |   102 |   188 |    23 |       |       |       ||   313
       Scimitar          |       |       |   180 |    21 |       |       ||   201
       Demon blade       |       |       |       |   402 |  1236 |   534 ||  2172
Throw: Dart              |       |     4 |    13 |     6 |       |       ||    23
       Javelin           |       |       |     5 |     6 |       |     5 ||    16
       Throwing net      |       |       |     1 |       |       |       ||     1
       Boomerang         |       |       |       |     2 |       |       ||     2
Invok: Berserk           |     1 |     6 |     9 |    18 |    21 |     9 ||    64
       Trog's Hand       |       |       |     2 |     6 |     5 |     3 ||    16
       Brothers in Arms  |       |       |       |       |     1 |       ||     1
Evoke: Wand              |       |       |     2 |       |     5 |     5 ||    12
  Use: Scroll            |       |     6 |     2 |     8 |     9 |    18 ||    43
       Potion            |       |       |     5 |       |     1 |     2 ||     8
 Stab: Sleeping          |       |       |     1 |     2 |       |       ||     3
Armor: Scale mail        |    41 |    98 |    29 |    48 |       |       ||   216
       Acid dragon scale |       |       |    26 |    45 |       |       ||    71
       Skin              |       |       |     1 |       |       |       ||     1
       Plate armour      |       |       |       |    47 |   361 |   317 ||   725
Dodge: Dodged            |    31 |    64 |    55 |    76 |   205 |   166 ||   597
Block: Kite shield       |    49 |   116 |    87 |   191 |   800 |   420 ||  1663
       Reflection        |       |       |       |       |     2 |     5 ||     7
       Buckler           |       |       |       |       |       |    63 ||    63
       Rpst.: Long sword |    11 |    16 |     1 |       |       |       ||    28
       Scimitar          |       |       |    14 |       |       |       ||    14
       Demon blade       |       |       |       |    24 |    44 |    30 ||    98

Table legend: (Time is in decaauts)
 A = Elapsed time spent in this place.
 B = Non-inter-level travel time spent in this place.
 C = Inter-level travel time spent in this place.
 D = Time resting spent in this place.
 E = Time spent auto-exploring this place.
 F = Levels seen in this place.
 G = Mean time per level.
                   A        B        C        D        E       F      G
               +--------+--------+--------+--------+--------+-----+--------+
         Total |  29761 |  27411 |   2350 |   7499 |  14766 |  22 | 1352.8 |
       Dungeon |  15619 |  13801 |   1818 |   2900 |   8641 |  11 | 1419.9 |
          Lair |   9002 |   8594 |    408 |   2425 |   4676 |   6 | 1500.3 |
   Spider Nest |   2388 |   2355 |     33 |   1059 |    882 |   2 | 1194.0 |
  Orcish Mines |   2073 |   1982 |     91 |    983 |    566 |   2 | 1036.5 |
      Gauntlet |    677 |    677 |      0 |    131 |      0 |   1 |  677.0 |
               +--------+--------+--------+--------+--------+-----+--------+

Top non-repeatable levels by time:
Spider:1: 2344 daAuts
  Lair:6: 2279 daAuts
  Lair:2: 1855 daAuts
     D:8: 1808 daAuts
    D:10: 1791 daAuts
     D:7: 1785 daAuts
     D:5: 1776 daAuts
     D:9: 1730 daAuts
    D:11: 1624 daAuts
  Lair:4: 1519 daAuts
  Lair:3: 1440 daAuts
     D:1: 1215 daAuts
   Orc:1: 1171 daAuts
     D:2: 1078 daAuts
     D:3: 1021 daAuts
